[Event "FIDE WYCC Girls U16 2023"]
[Site "Montesilvano"]
[Date "2023.11.14"]
[Round "2.6"]
[White "Kosma, Maria"]
[Black "Kheerthi Ganta"]
[Result "0-1"]
[ECO "C84"]
[WhiteElo "1780"]
[BlackElo "2030"]
[Annotator "NA"]
[PlyCount "116"]
[EventDate "2023.11.13"]
[EventType "swiss"]
[EventCountry "ITA"]
[SourceTitle "playchess.com"]
[Source "ChessBase"]
[SourceQuality "1"]
[TimeControl "40/5400+30:1800+30"]

1. e4 e5 2. Nf3 Nc6 3. Bb5 a6 4. Ba4 Nf6 5. d3 b5 6. Bb3 Be7 7. O-O O-O 8. a4 Rb8 9. c3 d6 10. axb5 axb5 11. Re1 Bg4 12. Nbd2 Ra8 13. Rxa8 Qxa8 14. h3 Bh5 15. g4 Bg6 16. Nh4 Na5 17. Nxg6 hxg6 18. Nf1 Nd7 19. Ne3 c6 20. Ba2 Nb7 21. Bb1 Qa1 22. Bc2 Nb6 23. Bb3 Nc5 24. Nc2 Qa8 25. Nb4 Nxb3 26. Qxb3 c5 27. Nc2 Qa4 28. Qxa4 Nxa4 29. Na3 b4 30. cxb4 cxb4 31. Nc4 f5 32. exf5 gxf5 33. f4 fxg4 34. hxg4 Nc5 35. fxe5 Nxd3 36. Rd1 Nxe5 37. Nxe5 dxe5 38. Rd5 Rd8 39. Rxd8+ Bxd8 40. b3 Kf7 41. Kf2 Ke6 42. Be3 Kd5 43. Kf3 g6 44. Ba7 Be7 45. Be3 Bc5 46. Bd2 Bd6 47. Be3 Be7 48. Bf2 Bc5 49. Be1 g5 50. Bd2 e4+ 51. Ke2 e3 52. Be1 Kd4 53. Bg3 Kc3 54. Be5+ Bd4 55. Bd6 Kxb3 56. Kd3 Bc3 57. Be7 e2 58. Kxe2 Kc2 0-1

[Event "FIDE WYCC Girls U16 2023"]
[Site "Montesilvano"]
[Date "2023.11.14"]
[Round "2.7"]
[White "Kaldarova, Ayaulym"]
[Black "Radenkovic, Mila"]
[Result "1-0"]
[ECO "A14"]
[WhiteElo "2005"]
[BlackElo "1767"]
[Annotator "NA"]
[PlyCount "135"]
[EventDate "2023.11.13"]
[EventType "swiss"]
[EventCountry "ITA"]
[SourceTitle "playchess.com"]
[Source "ChessBase"]
[SourceQuality "1"]
[TimeControl "40/5400+30:1800+30"]

1. Nf3 Nf6 2. c4 e6 3. g3 d5 4. Bg2 Be7 5. O-O O-O 6. b3 b6 7. Bb2 Bb7 8. e3 c5 9. cxd5 Nxd5 10. d4 Nd7 11. Na3 N7f6 12. Nc4 Qc7 13. Rc1 Rac8 14. Qe2 Qb8 15. dxc5 Rxc5 16. e4 Nb4 17. Be5 Qa8 18. a3 Na6 19. b4 Rcc8 20. Nfd2 Rfd8 21. f3 Ne8 22. g4 Nac7 23. Qf2 Nb5 24. a4 Nbd6 25. Ne3 f6 26. Bb2 Nf7 27. b5 Qb8 28. Ndc4 Ned6 29. Kh1 Nxc4 30. Nxc4 Bc5 31. Qh4 Qf4 32. Rc2 g5 33. Qh3 Rd3 34. Bc1 Qc7 35. Qh5 e5 36. Ne3 Qd7 37. Nd5 Bxd5 38. exd5 Qxd5 39. f4 e4 40. fxg5 Rd1 41. g6 Ng5 42. Bxg5 Rxf1+ 43. Bxf1 e3+ 44. Rg2 Rc7 45. gxh7+ Rxh7 46. Qe8+ Kg7 47. Bxe3 Rh8 48. Qc6 Qxc6 49. bxc6 Bxe3 50. Ba6 Bf4 51. Re2 Kf7 52. Bc4+ Kf8 53. Rf2 Be5 54. g5 Rh4 55. Bb3 Rb4 56. Rf3 Re4 57. h3 Ke7 58. gxf6+ Bxf6 59. Kg2 Re1 60. Rd3 Rc1 61. Rd7+ Ke8 62. Bf7+ Kf8 63. c7 Rc2+ 64. Kf3 Be7 65. Rd8+ Kxf7 66. c8=Q Rxc8 67. Rxc8 a6 68. Ra8 1-0

[Event "FIDE WYCC Girls U16 2023"]
[Site "Montesilvano"]
[Date "2023.11.14"]
[Round "2.8"]
[White "Kiraly, Lilla Virag"]
[Black "Trunz, Michelle"]
[Result "0-1"]
[ECO "B90"]
[WhiteElo "1765"]
[BlackElo "1997"]
[Annotator "NA"]
[PlyCount "98"]
[EventDate "2023.11.13"]
[EventType "swiss"]
[EventCountry "ITA"]
[SourceTitle "playchess.com"]
[Source "ChessBase"]
[SourceQuality "1"]
[TimeControl "40/5400+30:1800+30"]

1. e4 c5 2. Nf3 d6 3. d4 cxd4 4. Nxd4 Nf6 5. Nc3 a6 6. f3 e5 7. Nb3 Be6 8. Be3 Be7 9. Qd2 h5 10. O-O-O Nbd7 11. Nd5 Bxd5 12. exd5 Qc7 13. Kb1 b5 14. Na5 Rc8 15. g3 Nxd5 16. Qxd5 Qxa5 17. Bh3 Qc7 18. Rd2 Rd8 19. f4 Nf6 20. Qd3 O-O 21. Rg1 d5 22. fxe5 Qxe5 23. Bf4 Qe4 24. Bg2 Qc4 25. Rgd1 Ne4 26. Bxe4 dxe4 27. Qxc4 bxc4 28. c3 Rd3 29. Re1 f5 30. Rde2 g5 31. Be5 Bc5 32. Kc2 Rf7 33. Rd1 Rfd7 34. Rde1 Kf7 35. h4 Ke6 36. Bd4 Bxd4 37. cxd4 g4 38. Re3 R7xd4 39. b3 Rd2+ 40. Kc3 cxb3 41. axb3 R4d3+ 42. Kb4 Rxe3 43. Rxe3 Ke5 44. Rc3 Kd4 45. Rc5 e3 46. Rc8 e2 47. Re8 Kd3 48. Ka5 Ra2+ 49. Kb6 Ra1 0-1

[Event "FIDE WYCC Girls U16 2023"]
[Site "Montesilvano"]
[Date "2023.11.14"]
[Round "2.9"]
[White "Tejaswini G"]
[Black "Bruntse, Kathrine Lindegaard"]
[Result "1-0"]
[ECO "D45"]
[WhiteElo "1956"]
[BlackElo "1746"]
[Annotator "NA"]
[PlyCount "119"]
[EventDate "2023.11.13"]
[EventType "swiss"]
[EventCountry "ITA"]
[SourceTitle "playchess.com"]
[Source "ChessBase"]
[SourceQuality "1"]
[TimeControl "40/5400+30:1800+30"]

1. d4 d5 2. c4 c6 3. Nc3 Nf6 4. Nf3 e6 5. e3 Nbd7 6. Be2 Bd6 7. O-O O-O 8. b3 b6 9. Bb2 Bb7 10. Bd3 Re8 11. Re1 Rc8 12. Rc1 h6 13. Rc2 c5 14. cxd5 exd5 15. Ne2 Ne4 16. Ng3 Nxg3 17. hxg3 Nf6 18. Nh4 Ne4 19. Nf5 Bf8 20. Qg4 Qg5 21. Qxg5 Nxg5 22. Rec1 g6 23. Nh4 Ne4 24. Nf3 Bd6 25. Ne5 Rc7 26. Bxe4 dxe4 27. Ng4 Rec8 28. Nxh6+ Kf8 29. Ng4 f5 30. Ne5 Bxe5 31. dxe5 Ba6 32. Rd2 Bd3 33. f3 Ke7 34. fxe4 fxe4 35. Rf2 Rf8 36. Rf6 Rxf6 37. exf6+ Ke6 38. Kf2 Rh7 39. g4 g5 40. Rd1 Kf7 41. Kg3 Kg6 42. Rd2 Rh1 43. Rf2 Rf1 44. Rf5 c4 45. f7 Rxf5 46. gxf5+ Kxf7 47. Kg4 cxb3 48. axb3 a5 49. Bd4 b5 50. Bb6 a4 51. bxa4 bxa4 52. Kxg5 a3 53. Kf4 a2 54. Bd4 Bc2 55. g4 Bd3 56. g5 Bc2 57. g6+ Kg8 58. f6 Bd3 59. f7+ Kf8 60. Bc5+ 1-0

[Event "FIDE WYCC Girls U16 2023"]
[Site "Montesilvano"]
[Date "2023.11.14"]
[Round "2.10"]
[White "Yu, Yuexi"]
[Black "Shubhi Gupta"]
[Result "1/2-1/2"]
[ECO "E05"]
[WhiteElo "1734"]
[BlackElo "1940"]
[Annotator "NA"]
[PlyCount "60"]
[EventDate "2023.11.13"]
[EventType "swiss"]
[EventCountry "ITA"]
[SourceTitle "playchess.com"]
[Source "ChessBase"]
[SourceQuality "1"]
[TimeControl "40/5400+30:1800+30"]

1. c4 e6 2. g3 Nf6 3. Nf3 d5 4. d4 Be7 5. Bg2 O-O 6. O-O dxc4 7. Qc2 a6 8. a4 Bd7 9. Qxc4 Bc6 10. Bg5 Bd5 11. Qc2 Be4 12. Qc1 Nc6 13. e3 Nb4 14. Nc3 Bg6 15. Ne5 c6 16. Nxg6 hxg6 17. a5 Nd7 18. Bxe7 Qxe7 19. Ne4 e5 20. dxe5 Nxe5 21. Qc5 Rfe8 22. Rfd1 Ned3 23. Qxe7 Rxe7 24. Rd2 Rd7 25. Rad1 Rad8 26. Bh3 Rd5 27. Nc3 R5d6 28. Ne4 Rd5 29. Nc3 R5d6 30. Ne4 Rd5 1/2-1/2

[Event "FIDE WYCC Girls U16 2023"]
[Site "Montesilvano"]
[Date "2023.11.14"]
[Round "2.11"]
[White "Peglau, Dora"]
[Black "Tomcaniova, Lucia"]
[Result "1-0"]
[ECO "D37"]
[WhiteElo "1937"]
[BlackElo "1715"]
[Annotator "NA"]
[PlyCount "79"]
[EventDate "2023.11.13"]
[EventType "swiss"]
[EventCountry "ITA"]
[SourceTitle "playchess.com"]
[Source "ChessBase"]
[SourceQuality "1"]
[TimeControl "40/5400+30:1800+30"]

1. d4 d5 2. c4 e6 3. Nc3 Nf6 4. Nf3 Be7 5. Bf4 O-O 6. e3 b6 7. cxd5 Nxd5 8. Nxd5 Qxd5 9. Bd3 Qa5+ 10. Kf1 Ba6 11. Bxc7 Bxd3+ 12. Qxd3 Na6 13. Be5 Nb4 14. Qd1 Rac8 15. a3 Qb5+ 16. Qe2 Qa4 17. Rd1 Rc2 18. Rd2 Rc1+ 19. Ne1 Rfc8 20. g4 Qc6 21. e4 Nc2 22. Kg2 Nxe1+ 23. Rxe1 Rxe1 24. Qxe1 Bg5 25. f4 Bd8 26. d5 exd5 27. exd5 Qg6 28. Qe2 b5 29. f5 Qg5 30. Bf4 Qe7 31. Qxe7 Bxe7 32. d6 Bxd6 33. Bxd6 f6 34. Bb4 h6 35. Kf3 Kh7 36. h4 Rc7 37. Bc3 Rc6 38. Rd7 a6 39. Ke4 Rc4+ 40. Rd4 1-0

[Event "FIDE WYCC Girls U16 2023"]
[Site "Montesilvano"]
[Date "2023.11.14"]
[Round "2.12"]
[White "Bilguun Bayaraa"]
[Black "Tokarz, Izabela"]
[Result "0-1"]
[ECO "D94"]
[WhiteElo "1712"]
[BlackElo "1931"]
[Annotator "NA"]
[PlyCount "133"]
[EventDate "2023.11.13"]
[EventType "swiss"]
[EventCountry "ITA"]
[SourceTitle "playchess.com"]
[Source "ChessBase"]
[SourceQuality "1"]
[TimeControl "40/5400+30:1800+30"]

1. d4 Nf6 2. c4 g6 3. Nc3 d5 4. e3 Bg7 5. Nf3 O-O 6. Be2 Be6 7. b3 dxc4 8. bxc4 c5 9. Qb3 Qc7 10. d5 Bf5 11. Bb2 Nbd7 12. O-O a6 13. a4 b6 14. Nd2 g5 15. e4 Bg4 16. f3 Qf4 17. Bc1 Bh5 18. Ra3 Ne8 19. Ndb1 Bd4+ 20. Kh1 Qf6 21. Bd3 Ne5 22. Be2 Nd6 23. Nd1 Qh6 24. g4 Bg6 25. Nd2 Rab8 26. Bb2 Bxb2 27. Qxb2 f6 28. Rb3 Nd7 29. Ne3 Qg7 30. Nf5 Bxf5 31. exf5 Qf7 32. Kg2 h5 33. h3 Kg7 34. Ne4 Kh6 35. Re1 Nxe4 36. fxe4 Qe8 37. Qd2 Ne5 38. Ra3 Qd7 39. Rb1 Rh8 40. Rh1 hxg4 41. hxg4+ Kg7 42. Qd1 Rxh1 43. Kxh1 Rh8+ 44. Kg2 Qd6 45. Rh3 Rxh3 46. Kxh3 Nf7 47. Qd2 Qe5 48. Kg2 Qxe4+ 49. Kf2 Ne5 50. Qe3 Qc2 51. Qh3 Nxc4 52. Qd3 Qxd3 53. Bxd3 Ne5 54. Bxa6 Nxg4+ 55. Ke2 Ne5 56. Ke3 Nf7 57. Be2 Nd6 58. Bd3 Kh6 59. Kf3 Kh5 60. Kg3 c4 61. Be2+ Kh6 62. Kg4 c3 63. Bd3 Nc4 64. Kf3 Ne5+ 65. Ke3 Nxd3 66. Kxd3 g4 67. Kd4 0-1

[Event "FIDE WYCC Girls U16 2023"]
[Site "Montesilvano"]
[Date "2023.11.14"]
[Round "2.13"]
[White "Jansone, Melanija Luize"]
[Black "Bondar, Daria"]
[Result "1/2-1/2"]
[ECO "C45"]
[WhiteElo "1658"]
[BlackElo "1908"]
[Annotator "NA"]
[PlyCount "110"]
[EventDate "2023.11.13"]
[EventType "swiss"]
[EventCountry "ITA"]
[SourceTitle "playchess.com"]
[Source "ChessBase"]
[SourceQuality "1"]
[TimeControl "40/5400+30:1800+30"]

1. e4 e5 2. Nf3 Nc6 3. d4 exd4 4. Nxd4 Bc5 5. Be3 Qf6 6. c3 Nge7 7. Bc4 Ne5 8. Be2 Qg6 9. O-O d6 10. f3 O-O 11. Kh1 Bb6 12. Na3 f5 13. exf5 Nxf5 14. Nxf5 Bxf5 15. Bxb6 axb6 16. Nb5 Qf7 17. Nd4 Kh8 18. a3 Bd7 19. Qc2 Nc4 20. Bxc4 Qxc4 21. Rfe1 Rae8 22. Qd2 Qd5 23. Qf2 Ba4 24. Qh4 Bd7 25. Re7 Rxe7 26. Qxe7 Qf7 27. Qxf7 Rxf7 28. Re1 g6 29. Kg1 c6 30. Kf2 Kg7 31. Re3 Kf6 32. Kg3 g5 33. Ne2 d5 34. Kf2 c5 35. g3 Bf5 36. Re8 Re7 37. Rd8 Rd7 38. Rf8+ Rf7 39. Rd8 Rd7 40. Rf8+ Rf7 41. Rd8 Ke6 42. Ke3 Bg6 43. f4 h6 44. Rh8 Rh7 45. Rd8 Bf5 46. Rg8 Re7 47. Rd8 Bg4 48. Nc1 Kf5+ 49. Kd2 Bf3 50. fxg5 hxg5 51. Rf8+ Kg4 52. h4 Kxg3 53. hxg5 Rg7 54. Rf6 Rxg5 55. Rxb6 Rh5 1/2-1/2

[Event "FIDE WYCC Girls U16 2023"]
[Site "Montesilvano"]
[Date "2023.11.14"]
[Round "2.14"]
[White "Regidor, Kaye Lalaine"]
[Black "Khuslen, Erdenebayar"]
[Result "0-1"]
[ECO "B22"]
[WhiteElo "1598"]
[BlackElo "1906"]
[Annotator "NA"]
[PlyCount "88"]
[EventDate "2023.11.13"]
[EventType "swiss"]
[EventCountry "ITA"]
[SourceTitle "playchess.com"]
[Source "ChessBase"]
[SourceQuality "1"]
[TimeControl "40/5400+30:1800+30"]

1. e4 c5 2. Nf3 e6 3. c3 Nf6 4. e5 Nd5 5. g3 Nc6 6. Bg2 Qc7 7. O-O d6 8. exd6 Bxd6 9. d4 O-O 10. Na3 a6 11. Nc4 Be7 12. dxc5 Bxc5 13. Qe2 b5 14. Ne3 Nf6 15. a4 b4 16. Bd2 a5 17. Rfc1 Ba6 18. Qe1 Qb6 19. cxb4 Nxb4 20. Ne5 Rac8 21. N3c4 Bxc4 22. Nxc4 Qa7 23. Qe2 h6 24. Be3 Nfd5 25. Bxc5 Rxc5 26. Nd6 Qc7 27. Rxc5 Qxc5 28. Nc4 Rc8 29. b3 Nb6 30. Bf1 Nc6 31. Rd1 Nd5 32. Qd2 Rd8 33. Rc1 Nf6 34. Qe3 Nd4 35. Ne5 Qxe5 36. Qxe5 Nf3+ 37. Kg2 Nxe5 38. Rc5 Rd5 39. Rc8+ Kh7 40. Bb5 Ne4 41. Kf1 Nd6 42. Rb8 Nxb5 43. axb5 Nf3 44. b6 Rb5 0-1

[Event "FIDE WYCC Girls U16 2023"]
[Site "Montesilvano"]
[Date "2023.11.14"]
[Round "2.15"]
[White "Braeutigam, Katerina"]
[Black "Zhou, Shumeng"]
[Result "0-1"]
[ECO "B12"]
[WhiteElo "1904"]
[BlackElo "1559"]
[Annotator "NA"]
[PlyCount "82"]
[EventDate "2023.11.13"]
[EventType "swiss"]
[EventCountry "ITA"]
[SourceTitle "playchess.com"]
[Source "ChessBase"]
[SourceQuality "1"]
[TimeControl "40/5400+30:1800+30"]

1. e4 c6 2. d4 d5 3. e5 Bf5 4. Nd2 h5 5. Nb3 e6 6. Nf3 Nd7 7. Be2 Be7 8. Bd2 Nh6 9. Ba5 b6 10. Bd2 Be4 11. O-O g5 12. Ne1 g4 13. Qc1 Ng8 14. f3 Bf5 15. fxg4 hxg4 16. Qd1 Bg5 17. Bxg4 Bxd2 18. Nxd2 Qh4 19. h3 Bxg4 20. Qxg4 Qxg4 21. hxg4 Rh4 22. Rf4 Nh6 23. Nd3 Rxg4 24. Raf1 Rxf4 25. Rxf4 Ke7 26. c4 Rc8 27. Kf2 Nf8 28. Rh4 Nf5 29. Rg4 Ng6 30. c5 Rh8 31. b4 Rh1 32. Nf1 Nh6 33. Rg3 Rh4 34. Rh3 Rxd4 35. Ke2 Nf5 36. cxb6 axb6 37. Nd2 c5 38. bxc5 bxc5 39. Nxc5 Nf4+ 40. Ke1 Nxh3 41. gxh3 Rh4 0-1

[Event "FIDE WYCC Girls U16 2023"]
[Site "Montesilvano"]
[Date "2023.11.14"]
[Round "2.16"]
[White "Sana Omprakash Kayyar"]
[Black "Badenhorst, Chloe"]
[Result "1-0"]
[ECO "D02"]
[WhiteElo "1562"]
[BlackElo "1885"]
[Annotator "NA"]
[PlyCount "79"]
[EventDate "2023.11.13"]
[EventType "swiss"]
[EventCountry "ITA"]
[SourceTitle "playchess.com"]
[Source "ChessBase"]
[SourceQuality "1"]
[TimeControl "40/5400+30:1800+30"]

1. d4 d5 2. Nf3 Nf6 3. Bf4 c5 4. c3 Nc6 5. e3 Qb6 6. Qb3 c4 7. Qxb6 axb6 8. Na3 Bf5 9. Nb5 Ra5 10. a4 Kd7 11. Be2 e6 12. Nd2 Bc2 13. Bd1 Bxd1 14. Kxd1 Ne8 15. Kc2 f6 16. e4 g5 17. Bg3 f5 18. exf5 exf5 19. f4 h6 20. Nf3 Rg8 21. fxg5 hxg5 22. Ne5+ Nxe5 23. Bxe5 Nd6 24. Rhf1 f4 25. g3 Nxb5 26. axb5 Rxb5 27. Ra8 Ke7 28. Rb8 Kf7 29. gxf4 g4 30. Rxb7+ Kg6 31. f5+ Kg5 32. Rb8 Rb3 33. f6 b5 34. f7 Rg6 35. Rxf8 b4 36. Rg8 bxc3 37. Rxg6+ Kxg6 38. bxc3 Rb2+ 39. Kxb2 g3 40. f8=Q 1-0

[Event "FIDE WYCC Girls U16 2023"]
[Site "Montesilvano"]
[Date "2023.11.14"]
[Round "2.17"]
[White "Karaivanova, Petya"]
[Black "Ismayil, Seljan"]
[Result "1/2-1/2"]
[ECO "B45"]
[WhiteElo "1883"]
[BlackElo "1384"]
[Annotator "NA"]
[PlyCount "75"]
[EventDate "2023.11.13"]
[EventType "swiss"]
[EventCountry "ITA"]
[SourceTitle "playchess.com"]
[Source "ChessBase"]
[SourceQuality "1"]
[TimeControl "40/5400+30:1800+30"]

1. e4 c5 2. Nf3 e6 3. d4 cxd4 4. Nxd4 Nf6 5. Nc3 Nc6 6. Be3 Bb4 7. Bd3 d5 8. exd5 Nxd5 9. Nxc6 Nxe3 10. fxe3 bxc6 11. O-O Bxc3 12. bxc3 O-O 13. Qf3 Rb8 14. Rad1 Qa5 15. Qg3 Ba6 16. Bxa6 Qxa6 17. Rxf7 Rxf7 18. Qxb8+ Rf8 19. Qb3 Qe2 20. Qb1 Qxe3+ 21. Kh1 Qxc3 22. h3 h6 23. Rd3 Qe5 24. Qg1 a5 25. Rd1 Qb5 26. Qe1 e5 27. Kh2 Re8 28. Qe4 Qb4 29. Qxc6 Qf4+ 30. Kh1 Rf8 31. Re1 Qg3 32. Qc4+ Kh8 33. Rf1 Rf4 34. Rxf4 exf4 35. Qc8+ Kh7 36. Qf5+ Qg6 37. Qxf4 Qxc2 38. a4 1/2-1/2

[Event "FIDE WYCC Girls U16 2023"]
[Site "Montesilvano"]
[Date "2023.11.14"]
[Round "2.18"]
[White "Hayrapetyan, Nvard"]
[Black "Hubert, Charlotte"]
[Result "1/2-1/2"]
[ECO "B23"]
[WhiteElo "1462"]
[BlackElo "1881"]
[Annotator "NA"]
[PlyCount "88"]
[EventDate "2023.11.13"]
[EventType "swiss"]
[EventCountry "ITA"]
[SourceTitle "playchess.com"]
[Source "ChessBase"]
[SourceQuality "1"]
[TimeControl "40/5400+30:1800+30"]

1. e4 c5 2. Nc3 d6 3. d4 cxd4 4. Qxd4 Nc6 5. Qd2 g6 6. b3 Bh6 7. f4 Nf6 8. Bb2 e5 9. g3 O-O 10. O-O-O Re8 11. Bg2 Nd4 12. Nf3 Bg4 13. Nxd4 exd4 14. Qxd4 Bg7 15. Nd5 Bxd1 16. Rxd1 Nh5 17. Qa4 Bxb2+ 18. Kxb2 Nf6 19. Qb4 Rb8 20. Nc3 Qe7 21. Qxd6 Qxd6 22. Rxd6 Ng4 23. Nd5 Kg7 24. h3 Nf2 25. e5 Red8 26. c4 Rxd6 27. exd6 Rd8 28. Nc7 Kf8 29. Bxb7 Rxd6 30. Bd5 Nd1+ 31. Kc2 Ne3+ 32. Kd3 Rd7 33. Kxe3 Rxc7 34. b4 Ke7 35. a4 f6 36. Kd4 Kd8 37. c5 Re7 38. b5 Re1 39. b6 axb6 40. cxb6 Ra1 41. Bc6 Kc8 42. Kc5 Kb8 43. Kb5 Rb1+ 44. Kc5 Ra1 1/2-1/2

[Event "FIDE WYCC Girls U16 2023"]
[Site "Montesilvano"]
[Date "2023.11.14"]
[Round "2.19"]
[White "Ogay, Anastassiya"]
[Black "Begic, Klara"]
[Result "0-1"]
[ECO "C10"]
[WhiteElo "1213"]
[BlackElo "1877"]
[Annotator "NA"]
[PlyCount "118"]
[EventDate "2023.11.13"]
[EventType "swiss"]
[EventCountry "ITA"]
[SourceTitle "playchess.com"]
[Source "ChessBase"]
[SourceQuality "1"]
[TimeControl "40/5400+30:1800+30"]

1. e4 e6 2. d4 d5 3. Nd2 dxe4 4. Nxe4 Nd7 5. Nf3 Ngf6 6. Nxf6+ Nxf6 7. Bd3 Be7 8. O-O O-O 9. c3 b6 10. Qe2 Bb7 11. Re1 a5 12. a4 c5 13. dxc5 bxc5 14. Bc4 Qb6 15. Bb5 Nd5 16. Ne5 Rfd8 17. Be3 Qc7 18. Nc4 Bf6 19. Rac1 h6 20. Rc2 Bc6 21. Bxc6 Qxc6 22. Qf3 Qxa4 23. Qe2 Nxe3 24. Nxe3 Qb3 25. Nc4 Rd5 26. Ne3 Re5 27. Qf3 Rd8 28. Rce2 Bg5 29. h3 Bxe3 30. fxe3 Rf5 31. Qe4 Rd1 32. Kh2 Rxe1 33. Rxe1 Qxb2 34. Qa8+ Kh7 35. Qxa5 Qd2 36. Qa1 Rf2 37. Rg1 Qxe3 38. Qb1+ g6 39. Qb3 Rd2 40. Qb7 Kg7 41. Rf1 Rf2 42. Rxf2 Qxf2 43. Qc7 Qe3 44. Qa5 h5 45. Kh1 g5 46. Kh2 g4 47. h4 Qe5+ 48. g3 Qe2+ 49. Kg1 Qe3+ 50. Kg2 Qf3+ 51. Kh2 Qf2+ 52. Kh1 Qxg3 53. Qxc5 Qxh4+ 54. Kg1 g3 55. Qe5+ Kg6 56. Qe3 Qh2+ 57. Kf1 g2+ 58. Kf2 g1=Q+ 59. Kf3 Qgg2# 0-1

[Event "FIDE WYCC Girls U16 2023"]
[Site "Montesilvano"]
[Date "2023.11.14"]
[Round "2.20"]
[White "Bochnickova, Simona"]
[Black "Vukovic, Sara"]
[Result "1-0"]
[ECO "B54"]
[WhiteElo "2043"]
[BlackElo "1340"]
[Annotator "NA"]
[PlyCount "61"]
[EventDate "2023.11.13"]
[EventType "swiss"]
[EventCountry "ITA"]
[SourceTitle "playchess.com"]
[Source "ChessBase"]
[SourceQuality "1"]
[TimeControl "40/5400+30:1800+30"]

1. e4 c5 2. Nf3 d6 3. d4 cxd4 4. Nxd4 a6 5. c4 Nf6 6. Nc3 e6 7. Be2 Be7 8. O-O O-O 9. Be3 Nc6 10. f3 Qc7 11. Rc1 Nxd4 12. Qxd4 e5 13. Qd2 Be6 14. Rfd1 Rac8 15. b3 Qd7 16. Bf1 Rc6 17. Qf2 Rfc8 18. Nd5 Qe8 19. Nb4 R6c7 20. Bb6 Rd7 21. Nd5 Bxd5 22. cxd5 Rxc1 23. Rxc1 Bd8 24. Rc8 Qe7 25. g3 g5 26. Qe3 h6 27. Bh3 g4 28. fxg4 Kh7 29. g5 Bxb6 30. Bf5+ Kg7 31. gxh6# 1-0

[Event "FIDE WYCC Girls U16 2023"]
[Site "Montesilvano"]
[Date "2023.11.14"]
[Round "2.21"]
[White "Boaron, Arianna"]
[Black "Ter-Avetisjana, Agnesa Stepania"]
[Result "0-1"]
[ECO "B19"]
[WhiteElo "1516"]
[BlackElo "2105"]
[Annotator "NA"]
[PlyCount "102"]
[EventDate "2023.11.13"]
[EventType "swiss"]
[EventCountry "ITA"]
[SourceTitle "playchess.com"]
[Source "ChessBase"]
[SourceQuality "1"]
[TimeControl "40/5400+30:1800+30"]

1. e4 c6 2. d4 d5 3. Nc3 dxe4 4. Nxe4 Bf5 5. Ng3 Bg6 6. h4 h6 7. Nf3 e6 8. h5 Bh7 9. Bd3 Bxd3 10. Qxd3 Nf6 11. Be3 Nbd7 12. O-O-O Qa5 13. Kb1 Bd6 14. Bd2 Qc7 15. Ne4 Nxe4 16. Qxe4 Nf6 17. Qe2 O-O-O 18. g3 Rhe8 19. c4 e5 20. d5 c5 21. Nh4 Qd7 22. Ng2 e4 23. Bc3 Qf5 24. Ne3 Qg5 25. Ba5 Rd7 26. Bc3 Be5 27. Bxe5 Rxe5 28. g4 Qf4 29. Rh3 Rg5 30. Rg3 Rd8 31. Rf1 Re8 32. Rd1 g6 33. hxg6 fxg6 34. Rh1 h5 35. gxh5 Rxg3 36. fxg3 Qf3 37. Re1 Nxh5 38. g4 Nf4 39. Qd2 Nd3 40. Rf1 Qg3 41. Rh1 Rf8 42. Qh2 Qxe3 43. Qd6 Qf4 44. Qe6+ Kd8 45. d6 Qf6 46. Qxf6+ Rxf6 47. Rh8+ Kd7 48. Rh7+ Kxd6 49. Rxb7 e3 50. Rxa7 e2 51. Ra6+ Ke5 0-1

[Event "FIDE WYCC Girls U16 2023"]
[Site "Montesilvano"]
[Date "2023.11.14"]
[Round "2.22"]
[White "Szczotka, Klara"]
[Black "Zhanybekova, Begimay"]
[Result "1-0"]
[ECO "B48"]
[WhiteElo "2020"]
[BlackElo "1664"]
[Annotator "NA"]
[PlyCount "91"]
[EventDate "2023.11.13"]
[EventType "swiss"]
[EventCountry "ITA"]
[SourceTitle "playchess.com"]
[Source "ChessBase"]
[SourceQuality "1"]
[TimeControl "40/5400+30:1800+30"]

1. e4 c5 2. Nf3 e6 3. d4 cxd4 4. Nxd4 Nc6 5. a3 Qc7 6. Nc3 a6 7. Be3 Nf6 8. f4 Nxd4 9. Qxd4 Ng4 10. Qb6 Bd6 11. e5 Nxe3 12. Qxe3 Be7 13. Qg3 O-O 14. Bd3 f5 15. exf6 Bxf6 16. O-O d5 17. Kh1 Qd6 18. Rad1 Qe7 19. Rde1 Qf7 20. Na4 Rb8 21. Nb6 Bxb2 22. f5 e5 23. c4 e4 24. Bxe4 dxe4 25. Qxb8 Bxf5 26. Qd6 Qg6 27. Qxg6 Bxg6 28. Rxf8+ Kxf8 29. Nd7+ Kf7 30. Nc5 Bxa3 31. Nxe4 Bb4 32. Re2 a5 33. Kg1 Kf8 34. Kf2 b6 35. Ke3 Ke7 36. Kd4 Kd7 37. g4 Be7 38. Kc3 Kc6 39. Kb3 Bf7 40. Nc3 Bf6 41. Re4 h6 42. h3 h5 43. gxh5 Bxh5 44. Re6+ Kb7 45. Ne4 Bf7 46. Nd6+ 1-0

[Event "FIDE WYCC Girls U16 2023"]
[Site "Montesilvano"]
[Date "2023.11.14"]
[Round "2.23"]
[White "Sippola, Sara-Olivia"]
[Black "Omeri, Eklea"]
[Result "1-0"]
[ECO "B01"]
[WhiteElo "1907"]
[BlackElo "1660"]
[Annotator "NA"]
[PlyCount "137"]
[EventDate "2023.11.13"]
[EventType "swiss"]
[EventCountry "ITA"]
[SourceTitle "playchess.com"]
[Source "ChessBase"]
[SourceQuality "1"]
[TimeControl "40/5400+30:1800+30"]

1. e4 d5 2. exd5 Qxd5 3. Nc3 Qd6 4. d4 c6 5. h3 Bf5 6. Nf3 Nd7 7. Bd3 Bxd3 8. Qxd3 Ngf6 9. Bd2 e6 10. Ne4 Nxe4 11. Qxe4 Nf6 12. Qe2 O-O-O 13. O-O-O Qc7 14. Kb1 h6 15. Rhe1 Bd6 16. c4 Rhe8 17. Bc3 Kb8 18. Qc2 c5 19. dxc5 Qxc5 20. Bd4 Qc6 21. c5 Bc7 22. Ne5 Bxe5 23. Bxe5+ Ka8 24. Bd6 g6 25. f3 Nd5 26. a3 Rc8 27. Rc1 Red8 28. Qe4 Qb5 29. Red1 b6 30. a4 Qc6 31. Re1 Kb7 32. h4 Qd7 33. g4 Rc6 34. b4 bxc5 35. Bxc5 Nf6 36. Qe3 Qd3+ 37. Rc2 Qxe3 38. Bxe3 Rxc2 39. Kxc2 Rc8+ 40. Kb3 Nd5 41. Bd2 a6 42. Re4 Rh8 43. Bc3 Rc8 44. Bd2 Rh8 45. h5 gxh5 46. gxh5 Rg8 47. Rg4 Nf6 48. Rf4 Nxh5 49. Rxf7+ Kb8 50. Bxh6 Rg3 51. Kc4 Rg6 52. Bd2 Rg2 53. Bc3 Rc2 54. Kb3 Rc1 55. Be5+ Ka8 56. Rh7 Rh1 57. Kc4 Rh3 58. Kc5 Nf4 59. Rxh3 Nxh3 60. Kb6 a5 61. Kxa5 Kb7 62. Kb5 Ng5 63. f4 Nf7 64. a5 Nd8 65. a6+ Ka7 66. Bd4+ Ka8 67. Kc5 Ka7 68. b5 Ka8 69. Kd6 1-0

[Event "FIDE WYCC Girls U16 2023"]
[Site "Montesilvano"]
[Date "2023.11.14"]
[Round "2.24"]
[White "Maria, Lia-Alexandra"]
[Black "Bruntse, Caroline Lindegaard"]
[Result "1-0"]
[ECO "C92"]
[WhiteElo "1877"]
[BlackElo "1568"]
[Annotator "NA"]
[PlyCount "103"]
[EventDate "2023.11.13"]
[EventType "swiss"]
[EventCountry "ITA"]
[SourceTitle "playchess.com"]
[Source "ChessBase"]
[SourceQuality "1"]
[TimeControl "40/5400+30:1800+30"]

1. e4 e5 2. Nf3 Nc6 3. Bb5 Nf6 4. d3 d6 5. h3 Be7 6. c3 O-O 7. O-O h6 8. Re1 a6 9. Ba4 b5 10. Bc2 Re8 11. a4 Bb7 12. Nbd2 Bf8 13. d4 Qd7 14. Qe2 Na7 15. Nh4 Nc8 16. Nf5 Ne7 17. Ng3 Ng6 18. Nf3 exd4 19. cxd4 Bxe4 20. Nxe4 Nxe4 21. Bxe4 d5 22. Bf5 Qxf5 23. Qxe8 Rxe8 24. Rxe8 Qd7 25. Rb8 bxa4 26. b3 c6 27. Rxa4 Qa7 28. Rab4 Qe7 29. Ba3 Qe2 30. Rxf8+ Nxf8 31. Rb8 Kh7 32. Bxf8 Qc2 33. Bd6 Qg6 34. Ne5 Qe6 35. Rd8 Qf6 36. Rf8 Qf4 37. Rh8+ Kxh8 38. Ng6+ fxg6 39. Bxf4 Kg8 40. Kf1 g5 41. Bd6 Kf7 42. Ke2 Ke6 43. Bf8 Kf7 44. Bc5 g6 45. Kd3 Ke6 46. Kc3 Kd7 47. Bb6 Kc8 48. Kb4 Kb8 49. Kc5 Kb7 50. Ba5 h5 51. g4 h4 52. f3 1-0